 Dungeon Crawl Stone Soup version 0.22.1-1-ga44c0e5 (webtiles) character file.

13524 MTVSty1e the Severer (level 11, 0/104 HPs)
             Began as a Black Draconian Gladiator on Oct 18, 2018.
             Was a High Priest of Okawaru.
             Slain by a komodo dragon (18 damage)
             ... on level 1 of the Lair of Beasts.
             The game lasted 00:23:09 (15082 turns).

MTVSty1e the Severer (Black Draconian Gladiator)   Turns: 15082, Time: 00:23:10

Health: 0/104      AC: 12    Str: 14    XL:     11   Next: 76%
Magic:  18/20      EV: 20    Int: 10    God:    Okawaru [*****.]
Gold:   751        SH:  4    Dex: 12    Spells: 10/10 levels left

rFire    . . .     SeeInvis .   a - +2 executioner's axe (distort)
rCold    . . .     Gourm    .   (shield currently unavailable)
rNeg     . . .     Faith    .   (armour unavailable)
rPois    .         Spirit   .   A - +2 hat
rElec    +         Reflect  +   (no cloak)
rCorr    +         Harm     .   u - +0 pair of gloves
MR       +....                  t - +1 pair of boots
Stlth    +++.......             F - amulet of Wuhael {Reflect MR+ MP+9 Str-5 SH+4}
HPRegen  0.27/turn              n - ring of resist corrosion
MPRegen  0.17/turn              z - +4 ring of evasion

@: short of breath, heroism
A: breathe lightning, unfitting armour, electricity resistance, cold-blooded, AC
+7
a: Breathe Lightning, Heroism, Finesse, Renounce Religion


You were on level 1 of the Lair of Beasts.
You worshipped Okawaru.
Okawaru was extremely pleased with you.
You were not hungry.

You visited 3 branches of the dungeon, and saw 13 of its levels.
You also visited: Sewer and Bailey.

You collected 751 gold pieces.

Inventory:

Hand Weapons
 a - a +2 executioner's axe of distortion (weapon)
 y - a +3 battleaxe
Armour
 t - a +1 pair of boots (worn)
 u - a +0 pair of gloves (worn)
 A - a +2 hat (worn)
Jewellery
 b - an uncursed ring of see invisible {unknown}
 n - a ring of resist corrosion (left hand)
 z - a +4 ring of evasion (right hand)
 F - the amulet of Wuhael (around neck) {Reflect MR+ MP+9 Str-5 SH+4}
   (You found it on level 11 of the Dungeon)

   [amulet of reflection]

   It shields you and reflects attacks.
   It affects your strength (-5).
   It affects your resistance to hostile enchantments.
   It affects your magic capacity (+9).
   It affects your SH (+4).
Wands
 d - a wand of flame (91)
 C - a wand of iceblast (12)
Scrolls
 e - 2 scrolls of fog
 f - 4 scrolls of identify
 g - 6 scrolls of amnesia
 h - 3 scrolls of fear
 j - 3 scrolls of remove curse
 k - 3 scrolls of magic mapping
 x - a scroll of enchant weapon
 B - 2 scrolls of teleportation
Potions
 c - a potion of lignification {unknown}
 l - 2 potions of curing
 m - 3 potions of magic
 o - 2 potions of resistance
 q - a potion of brilliance
 r - a potion of agility
 s - 3 potions of haste
 D - 2 potions of might
Comestibles
 p - 11 rations


   Skills:
 + Level 12.0(17.0) Fighting
 * Level 15.1(20.1) Axes
 - Level 1.7(6.7) Throwing
 + Level 2.6(7.6) Dodging
 + Level 0.0 Invocations


You had 10 spell levels left.
You didn't know any spells.
Your spell library contained the following spells:

 Spells                   Type           Power        Failure   Level  Hunger
 Confusing Touch          Hex            #.....       36%         1    ##.....
 Flame Tongue             Conj/Fire      #....        36%         1    ##.....
 Infusion                 Chrm           #...         36%         1    ##.....
 Magic Dart               Conj           #...         36%         1    ##.....
 Blink                    Tloc           N/A          50%         2    ###....
 Call Imp                 Summ           #.......     50%         2    ###....
 Shroud of Golubria       Chrm/Tloc      #.........   50%         2    ###....
 Slow                     Hex            #.......     50%         2    ###....
 Song of Slaying          Chrm           #.......     50%         2    ###....
 Throw Flame              Conj/Fire      #.....       50%         2    ###....
 Confuse                  Hex            #.......     75%         3    ####...
 Conjure Flame            Conj/Fire      #.......     75%         3    ####...
 Gell's Gravitas          Tloc           #.........   75%         3    ####...
 Inner Flame              Hex/Fire       #.......     75%         3    ####...
 Mephitic Cloud           Conj/Pois/Air  #.......     75%         3    ####...
 Regeneration             Chrm/Necr      #.........   75%         3    ####...
 Spectral Weapon          Hex/Chrm       #.......     75%         3    ####...
 Petrify                  Tmut/Erth      #.......     98%         4    #####..
 Sticky Flame             Conj/Fire      #.......     98%         4    #####..
 Fireball                 Conj/Fire      #.........   100%        5    ######.
 Metabolic Englaciation   Hex/Ice        #.........   100%        5    ######.
 Yara's Violent Unravell  Hex/Tmut       #.........   100%        5    ######.


Dungeon Overview and Level Annotations

Branches:
Dungeon (11/15)            Temple (1/1) D:5            Lair (1/6) D:8
    Orc (0/2) D:9

Altars:
Cheibriados
Dithmenos
Elyvilon
Fedhas
Gozag
Hepliaklqana
Makhleb
Nemelex Xobeh
Okawaru
Qazlal
Ru
Uskayaw
Vehumet
Zin
The Shining One

Shops:
D:4 ?   D:8 }   D:9 *


Innate Abilities, Weirdness & Mutations

You can breathe wild blasts of lightning.
Your glossy black scales are hard. (AC +7)
You cannot fit into any form of body armour.
You are resistant to electric shocks. (rElec)
You are cold-blooded and may be slowed by cold attacks.


Message History

You are too injured to fight recklessly!
You are too injured to fight recklessly!
You are too injured to fight recklessly!
You are too injured to fight recklessly!
You are too injured to fight recklessly!
You are too injured to fight recklessly!
You are too injured to fight recklessly!
You are too injured to fight recklessly!
You are too injured to fight recklessly!
You are too injured to fight recklessly!
Unknown command.
You are too injured to fight recklessly!
Okay, then.
You breathe a wild blast of lightning!
You hear a mighty clap of thunder! x3
You feel somewhat more hungry. The komodo dragon bites you!
* * * LOW HITPOINT WARNING * * *
You gain the combat prowess of a mighty hero.
The komodo dragon bites you!!
You die...

#...# #..## ##..##
####....#
#####..#....##
######............###
#.##................#
##.................#.
#...@..............#.
#..l.................
#....................
##...................
#....................
#P................#..
##............###P##.
#.##........### # ##
#####....####


You could see a komodo dragon.

Vanquished Creatures
  Gastronok (D:8)
  The ghost of 1player the Basher, a novice GrFi of Uskayaw (D:8)
  An orc knight (Bailey)
  Pikel (D:7)
  An ugly thing (D:10)
  A cyclops (D:11)
  A guardian serpent (D:10)
  A spiny frog (Lair:1)
  A kobold demonologist (D:11)
  A queen bee (D:9)
  2 trolls
  A hornet (D:11)
  2 hippogriffs
  16 yaks
  A hungry ghost (D:10)
  2 water moccasins
  A phantom (D:8)
  3 orc warriors
  An ice beast (D:5)
  A sky beast (D:9)
  A necrophage (D:11)
  7 ogres
  2 centaurs
  A big kobold (D:11)
  3 crocodiles
  10 bullfrogs
  2 wyvern skeletons
  4 scorpions
  20 killer bees
  4 wights (D:7)
  An electric eel (D:10)
  2 howler monkeys (D:6)
  2 crimson imps
  A bullfrog zombie (D:6)
  3 hounds
  3 jellies
  A quasit (D:6)
  A centaur zombie (D:9)
  3 bullfrog skeletons
  3 orc priests
  4 iguanas
  4 orc wizards
  5 worker ants
  2 hound zombies
  2 hound skeletons
  2 howler monkey zombies
  4 gnolls
  14 adders
  3 river rats
  2 shadow imps (D:11)
  10 oozes
  4 adder skeletons
  2 worms
  2 dart slugs (D:1)
  An adder simulacrum (D:8)
  3 leopard geckos
  17 orcs
  13 ball pythons
  12 bats
  9 giant cockroaches
  11 goblins
  9 hobgoblins
  13 jackals
  6 quokkas
  5 frilled lizards
  18 kobolds
  31 rats
322 creatures vanquished.

Vanquished Creatures (others)
  3 slaves (D:7)
  2 fungi
  9 toadstools (D:3)
14 creatures vanquished.

Grand Total: 336 creatures vanquished

Notes
Turn   | Place    | Note
-------+----------+-------------------------------------------
     0 | D:1      | MTVSty1e the Draconian Gladiator began the quest for the
                  | Orb.
     0 | D:1      | Reached XP level 1. HP: 17/17 MP: 1/1
   108 | D:1      | Reached XP level 2. HP: 20/25 MP: 2/2
   536 | D:1      | Reached XP level 3. HP: 30/30 MP: 3/3
   546 | D:1      | Reached skill level 4 in Axes
  1498 | D:3      | Found a shadowy altar of Dithmenos.
  1614 | D:3      | Reached XP level 4. HP: 32/38 MP: 4/4
  1635 | D:3      | Found a hide-covered altar of Uskayaw.
  1735 | D:3      | Reached skill level 5 in Axes
  1741 | D:3      | Reached XP level 5. HP: 34/46 MP: 5/5
  2204 | D:4      | Noticed an ogre
  2276 | D:4      | Noticed an ogre
  2669 | D:4      | Found a glowing drain.
  2696 | Sewer    | Entered a sewer
  2918 | Sewer    | Reached XP level 6. HP: 51/52 MP: 6/6
  2980 | Sewer    | Reached skill level 6 in Axes
  3541 | D:4      | Reached skill level 5 in Fighting
  3587 | D:4      | Found a glowing golden altar of the Shining One.
  3645 | D:5      | Entered Level 5 of the Dungeon
  3648 | D:5      | Reached skill level 7 in Axes
  3648 | D:5      | Your scales start taking on a glossy black colour.
  3648 | D:5      | Reached XP level 7. HP: 25/61 MP: 7/7
  3648 | D:5      | Gained mutation: You are resistant to electric shocks.
                  | (rElec) [Black Draconian growth]
  4182 | D:4      | Found Hariw's Magic Scroll Emporium.
  4827 | D:5      | Reached skill level 8 in Axes
  5090 | D:5      | Reached XP level 8. HP: 70/70 MP: 8/8
  5526 | D:5      | Found a staircase to the Ecumenical Temple.
  5535 | Temple   | Entered the Ecumenical Temple
  5575 | Temple   | Became a worshipper of Warmaster Okawaru
  5755 | D:5      | Reached skill level 9 in Axes
  5985 | D:6      | Reached * piety under Okawaru
  6001 | D:5      | Reached skill level 10 in Axes
  6239 | D:6      | Reached XP level 9. HP: 43/80 MP: 9/9
  7365 | D:6      | Found a stormy altar of Qazlal.
  7794 | D:6      | Found a sparkling altar of Nemelex Xobeh.
  8269 | D:7      | Reached skill level 11 in Axes
  8309 | D:7      | HP: 3/83 [yak (13)]
  8317 | D:7      | Reached ** piety under Okawaru
  8857 | D:7      | Noticed Pikel
  8892 | D:7      | Killed Pikel
  8892 | D:7      | Reached skill level 12 in Axes
  8892 | D:7      | Reached XP level 10. HP: 46/91 MP: 10/10
  9850 | D:8      | Found Onworrai's Gadget Shoppe.
  9861 | D:8      | Found a staircase to the Lair.
  9889 | D:8      | Found a flagged portal.
  9908 | Bailey   | Entered a bailey
  9936 | Bailey   | Noticed an orc knight
  9958 | Bailey   | Killed an orc knight
  9958 | Bailey   | Reached *** piety under Okawaru
  9958 | Bailey   | Reached skill level 10 in Fighting
  9959 | Bailey   | HP: 2/93 [bounced beam (3)]
 10519 | D:8      | Noticed Gastronok
 10530 | D:8      | Killed Gastronok
 10530 | D:8      | Reached **** piety under Okawaru
 10530 | D:8      | Reached skill level 13 in Axes
 10927 | D:8      | Found a white marble altar of Elyvilon.
 11045 | D:8      | Found a runed gate.
 11045 | D:8      | Found a runed gate.
 11045 | D:8      | Found a runed gate.
 11165 | D:8      | Noticed 1player's ghost (novice GrFi)
 11586 | D:8      | Killed 1player's ghost
 11586 | D:8      | Reached XP level 11. HP: 80/101 MP: 11/11
 11719 | Lair:1   | Entered Level 1 of the Lair of Beasts
 11804 | D:9      | Found Neram's General Store.
 12159 | D:9      | Found a staircase to the Orcish Mines.
 12170 | D:9      | Reached skill level 14 in Axes
 12219 | D:9      | Received a gift from Okawaru
 12251 | D:9      | Found a sacrificial altar of Ru.
 12318 | D:9      | Reached ***** piety under Okawaru
 12740 | D:10     | Entered Level 10 of the Dungeon
 12938 | D:10     | Noticed a cyan ugly thing
 12951 | D:10     | Killed a cyan ugly thing
 14173 | D:11     | Got a clouded jade amulet
 14367 | D:11     | Identified the amulet of Wuhael {Reflect MR+ MP+9 Str-5
                  | SH+4} (You found it on level 11 of the Dungeon)
 14415 | D:11     | Noticed a soul eater
 14484 | D:11     | Received a gift from Okawaru
 14641 | D:11     | Noticed an eight-headed hydra
 14751 | Lair:1   | Reached skill level 15 in Axes
 15082 | Lair:1   | Slain by a komodo dragon

Skill      XL: |  1  2  3  4  5  6  7  8  9 10 11 |
---------------+----------------------------------+-----
Axes           | 4 5 7 8 10 12 13 15 | 15.1
Fighting       | 3 4 5 6 7 9 10 12 | 12.0
Throwing       | |  1.7
Dodging        | |  2.6

Action                   |  1- 3 |  4- 6 |  7- 9 | 10-12 || total
-------------------------+-------+-------+-------+-------++-------
Melee: War axe           |   138 |   201 |   281 |    16 ||   636
       Tailslap          |    11 |    20 |    38 |    36 ||   105
       Battleaxe         |       |       |       |   307 ||   307
       Executioner's axe |       |       |       |    33 ||    33
Invok: Heroism           |       |       |     2 |     1 ||     3
 Abil: Breathe Lightning |       |       |     5 |     5 ||    10
  Use: Scroll            |       |    11 |       |    10 ||    21
       Potion            |       |     8 |     4 |     2 ||    14
  Eat: Chunk             |     1 |     5 |       |     2 ||     8
       Ration            |     1 |       |     5 |     6 ||    12
Armor: Skin              |    77 |   100 |    75 |    98 ||   350
Dodge: Dodged            |   155 |   218 |   200 |   297 ||   870
Block: Other             |       |       |       |    18 ||    18
       Reflection        |       |       |       |     2 ||     2
